 Dungeon Crawl Stone Soup version 0.32-a0-909-gc671339a80 (webtiles) character file.

Game seed: 13754557719332820586

2549 Learn2swim the Basher (level 9, -1/85 HPs)
             Began as a Minotaur Fighter on Apr 6, 2024.
             Slain by an orc knight
             ... wielding a +0 battleaxe
              (11 damage)
             ... in a bailey.
             The game lasted 00:39:27 (3063 turns).

Learn2swim the Basher (Minotaur Fighter)            Turns: 3063, Time: 00:39:28

Health: -1/85      AC: 18    Str: 24    XL:     9   Next: 30%
Magic:  8/8        EV: 10    Int:  5    God:
Gold:   191        SH:  9    Dex: 11    Spells: 8/8 levels left

rFire   + + .        f - +1 flail (protect)
rCold   x . .        c - +0 buckler
rNeg    . . .        b - +0 scale mail
rPois   .            (helmet restricted)
rElec   .            (no cloak)
rCorr   .            (no gloves)
SInv    .            (no boots)
Will    .....        (no amulet) Stlth
                     G - +4 ring of protection
HPRegen 0.34/turn    Z - ring of fire
MPRegen 0.11/turn

%: no passive effects
@: under a protective aura
A: horns 2, retaliatory headbutt, large bone plates 1, fire resistance 1, robust
1
a: no special abilities


You were in a bailey.
You visited 1 branch of the dungeon, and saw 7 of its levels.
You also visited: Bailey.

You collected 191 gold pieces.

Inventory:

Hand Weapons
 a - a +0 war axe
 f - a +1 flail of protection (weapon)
 B - a +1 mace of venom
 H - a +0 whip
 L - a +1 heavy spear
 M - a +0 giant club
 O - a +2 whip of freezing
 R - a +0 war axe
 T - a +0 broad axe
 V - a +0 falchion
 W - a +0 short sword of protection
 X - a +0 falchion
Missiles
 e - 66 stones (quivered)
Armour
 b - a +0 scale mail (worn)
 c - a +0 buckler (worn)
 m - a +0 leather armour
 D - a +0 helmet
 E - a +0 ring mail
 J - a +0 leather armour
 Q - a +0 scale mail
Jewellery
 g - a ring of fire
 G - a +4 ring of protection (left hand)
 Z - a ring of fire (right hand)
Talismans
 q - a blade talisman
 r - a flux talisman
 y - a beast talisman
Wands
 P - a wand of flame (11)
 S - a wand of mindburst (5)
Scrolls
 j - a scroll of fog {unknown}
 o - 2 scrolls of silence {unknown}
 p - 2 scrolls of immolation {unknown}
 v - a scroll of blinking {unknown}
 x - a scroll of acquirement
 C - 2 scrolls of teleportation {unknown}
 K - a scroll of enchant weapon {unknown}
Potions
 d - 2 potions of might
 h - 2 potions of attraction {unknown}
 n - a potion of brilliance {unknown}
 w - a potion of enlightenment {unknown}
 I - a potion of haste {unknown}
 N - a potion of cancellation {unknown}
 U - a potion of curing
 Y - a potion of resistance {unknown}


   Skills:
 + Level 6.6 Fighting
 + Level 4.2(6.7) Axes
 + Level 8.2(8.7) Maces & Flails
 + Level 7.0 Armour
 + Level 4.9 Dodging
 + Level 1.0 Stealth
 + Level 7.6 Shields


You had 8 spell levels left.
You didn't know any spells.
Your spell library contained the following spells:

 Spells                   Type           Power      Damage    Failure   Level
 Slow                     Hex            0%         N/A       80%         1
 Confusing Touch          Hex            0%         N/A       99%         3
 Vampiric Draining        Necr           0%         2d6       99%         3


Dungeon Overview and Level Annotations

Branches:
Dungeon (7/15)             Bailey (1/1)
 Temple: D:4-7

Altars:

Shops:
D:5 *

Annotations:
D:1 1 transporter


Innate Abilities, Weirdness & Mutations

You have a pair of horns on your head.
You reflexively headbutt those who attack you in melee.
You are partially covered in large bone plates. (SH +4)
Your flesh is heat resistant. (rF+)
You are robust. (+10% HP)


Message History

You block the orc warrior's attack. The kobold barely misses you.
You furiously retaliate!
You headbutt the kobold!
You kill the kobold!
You hit the orc knight.
The orc knight is lightly wounded.
The goblin barely misses you.
You closely miss the orc warrior. You headbutt the orc warrior.
The orc warrior is heavily wounded.
You block the goblin's attack.
The orc warrior hits you with a +0 war axe!
You closely miss the orc warrior.
The orc warrior is heavily wounded.
The goblin hits you but does no damage.
The orc warrior hits you with a +0 war axe!
The orc knight closely misses you.
You hit the orc warrior. You headbutt the orc warrior.
The orc warrior is severely wounded.
You block the goblin's attack.
The orc knight hits you with a +0 battleaxe.
You block the orc warrior's attack.
You sock the orc warrior!
You kill the orc warrior!
The goblin hits you but does no damage. You block the orc knight's attack.
You sock the orc warrior!
The orc warrior is heavily wounded.
The goblin hits you with a +0 hand axe.
The orc knight hits you with a +0 battleaxe!!
* * * LOW HITPOINT WARNING * * *
The orc warrior hits you with a +0 war axe!
* * * LOW HITPOINT WARNING * * *
You closely miss the orc knight. Your headbutt misses the orc knight.
The orc knight is lightly wounded.
The goblin barely misses you. You block the orc knight's attack.
You block the orc warrior's attack.
You barely miss the orc knight. Your headbutt misses the orc knight.
The orc knight is lightly wounded.
The orc warrior no longer looks unusually strong.
The goblin hits you but does no damage.
The orc knight hits you with a +0 battleaxe!
You die...

#....##ß.ß '.....#...
'.....#... ..#
'.)...#o.. ..#
#....##ß.ß .K.#
#.)(.#~?.. ...##
.....#~}.. .....#
...).##~~~ ####K.....
.....(#########.@og..ß..
ß..ß....'.....'(og......
........#~~~~~#.........
........#~~~~~#...ß..ß.!
...ß...##~~~~~##.......#
#.....##.......##....!##
##...##.........##.$!##
#####♣♣♣.....♣♣♣ ####
♣♣♣∩♣♣♣


You could see an orc knight, an orc warrior, a gnoll, a goblin and a kobold.

Vanquished Creatures
  Pikel (D:5)
  Menkaure (D:5)
  2 water moccasins (D:7)
  An orc warrior (Bailey)
  A sky beast (D:6)
  2 ogres
  2 centaurs
  2 lemures (D:5)
  Blork the orc (D:5)
  3 kobold brigands
  2 scorpions
  6 killer bees (D:6)
  A howler monkey (D:6)
  A jelly (D:6)
  3 bombardier beetles (D:5)
  An orc priest (D:7)
  4 hounds
  2 iguanas
  Ijyb (D:5)
  Natasha (twice) (D:2)
  An orc wizard (D:7)
  A gnoll (Bailey)
  5 adders
  A shadow imp (D:5)
  2 ufetubi (D:5)
  A dart slug (D:1)
  11 orcs
  5 bats
  4 endoplasms
  3 giant cockroaches
  5 goblins
  5 hobgoblins
  10 jackals
  4 quokkas
  5 ball pythons
  5 frilled lizards
  26 kobolds
  4 rats
137 creatures vanquished.

Notes
Turn   | Place    | Note
-------+----------+-------------------------------------------
     0 | D:1      | Learn2swim the Minotaur Fighter began the quest for the
                  | Orb.
     0 | D:1      | Reached XP level 1. HP: 19/19 MP: 0/0
    76 | D:1      | Reached XP level 2. HP: 27/27 MP: 1/1
   533 | D:1      | Reached XP level 3. HP: 34/34 MP: 2/2
   961 | D:2      | Noticed Natasha
   975 | D:2      | Killed Natasha
   976 | D:2      | Reached XP level 4. HP: 27/41 MP: 3/3
  1157 | D:3      | Gained mutation: You are robust. (+10% HP) [potion of
                  | mutation]
  1157 | D:3      | Gained mutation: Your flesh is heat resistant. (rF+)
                  | [potion of mutation]
  1157 | D:3      | Gained mutation: You are partially covered in large bone
                  | plates. (SH +4) [potion of mutation]
  1325 | D:3      | Noticed a kobold brigand
  1335 | D:3      | Killed a kobold brigand
  1336 | D:3      | Reached skill level 1 in Dodging
  1336 | D:3      | Reached XP level 5. HP: 51/51 MP: 4/4
  1457 | D:2      | Reached skill level 1 in Maces & Flails
  1465 | D:2      | Noticed Natasha
  1476 | D:2      | Killed Natasha
  1857 | D:5      | Entered Level 5 of the Dungeon
  1857 | D:5      | Noticed an ogre
  1866 | D:5      | Killed an ogre
  1867 | D:5      | Reached skill level 2 in Maces & Flails
  1867 | D:5      | Reached XP level 6. HP: 41/60 MP: 5/5
  1931 | D:5      | Noticed Pikel
  1954 | D:5      | Killed Pikel
  1955 | D:5      | Reached skill level 5 in Fighting
  1955 | D:5      | Reached skill level 5 in Maces & Flails
  1955 | D:5      | Reached skill level 5 in Armour
  1955 | D:5      | Reached skill level 5 in Shields
  1955 | D:5      | Reached XP level 7. HP: 56/67 MP: 6/6
  1982 | D:5      | Found Eteroduy's General Store.
  2060 | D:5      | Noticed Ijyb
  2074 | D:5      | Killed Ijyb
  2105 | D:5      | Noticed Blork the orc
  2113 | D:5      | Reached skill level 6 in Maces & Flails
  2114 | D:5      | Reached XP level 8. HP: 68/75 MP: 7/7
  2116 | D:5      | Killed Blork the orc
  2130 | D:5      | Noticed Menkaure
  2136 | D:5      | Killed Menkaure
  2181 | D:6      | Reached skill level 7 in Maces & Flails
  2573 | D:6      | Reached XP level 9. HP: 49/84 MP: 8/8
  2962 | D:7      | Found a flagged portal.
  2972 | D:7      | Reached skill level 8 in Maces & Flails
  2972 | D:7      | Reached skill level 1 in Stealth
  2978 | Bailey   | Entered a bailey
  2991 | Bailey   | Noticed an orc warlord
  3043 | Bailey   | Noticed an orc knight
  3063 | Bailey   | Slain by an orc knight

Illustrated notes

Levels and vault maps discovered:
D:1:      spicycebolla_arrival_transporter_tutorial, layout_loops_corners,
          fountainhead
D:2:      layout_rooms, nrook_mini_backslash, grunt_decor_cap, uniq_natasha
D:3:      layout_rooms, lemuel_round_altar
D:4:      layout_gridville
D:5:      layout_rooms, nicolae_ru_the_path_less_chosen,
          lemuel_coloured_pillars_altar, kennysheep_small_square, uniq_pikel,
          uniq_ijyb, uniq_blork_the_orc, uniq_menkaure
D:6:      layout_loops_cross, mainiacjoe_overflow_six_doors_small,
          gup_sewer_entry_bowl, minmay_liquid_box
D:7:      layout_rooms, kennysheep_mini_moat,
          riverfiend_overflow_shadow_ancestor, minmay_temple_entry_ruins,
          enter_bailey_2
Bailey:   bailey_axe_bossmonster_kennysheep, bailey

Skill      XL: |  1  2  3  4  5  6  7  8  9 |
---------------+----------------------------+-----
Armour         | 4 5 6 7 |  7.0
Fighting       | 4 5 6 |  6.6
Shields        | 4 5 7 |  7.6
Axes           | 3 4 |  4.2
Dodging        | 1 2 3 4 |  4.9
Maces & Flails | 2 5 6 7 8 |  8.2
Stealth        | 1 |  1.0

Action                     |  1- 3 |  4- 6 |  7- 9 || total
---------------------------+-------+-------+-------++-------
  Melee: War axe           |    70 |    22 |       ||    92
         Headbutt          |     8 |    13 |    42 ||    63
         Mace              |       |    68 |   143 ||   211
         Flail             |       |       |    49 ||    49
    Use: Potion            |       |     1 |     1 ||     2
 Armour: Scale mail        |    60 |    76 |   144 ||   280
  Dodge: Dodged            |    41 |    45 |   109 ||   195
  Block: Buckler           |    15 |    58 |   130 ||   203

Table legend: (Time is in decaauts)
 A = Elapsed time spent in this place.
 B = Non-inter-level travel time spent in this place.
 C = Inter-level travel time spent in this place.
 D = Time resting spent in this place.
 E = Time spent auto-exploring this place.
 F = Levels seen in this place.
 G = Mean time per level.
                   A        B        C        D        E       F      G
               +--------+--------+--------+--------+--------+-----+--------+
         Total |   3139 |   3048 |     91 |      0 |     31 |   8 |  392.4 |
       Dungeon |   3054 |   2963 |     91 |      0 |     31 |   7 |  436.3 |
        Bailey |     85 |     85 |      0 |      0 |      0 |   1 |   85.0 |
               +--------+--------+--------+--------+--------+-----+--------+

Top non-repeatable levels by time:
     D:1: 797 daAuts
     D:6: 623 daAuts
     D:3: 455 daAuts
     D:2: 339 daAuts
     D:4: 317 daAuts
     D:5: 315 daAuts
     D:7: 206 daAuts
  Bailey: 85 daAuts
